 Dungeon Crawl Stone Soup version 0.32-a0-994-gabb26cbae4 (webtiles) character file.

Game seed: 1641016482585347069

46 Ijustatesigmund the Firebug (level 3, -2/28 HPs)
             Began as a Mountain Dwarf Fire Elementalist on Apr 22, 2024.
             Slain by a gnoll
             ... wielding a +0 whip
              (4 damage)
             ... on level 2 of the Dungeon.
             The game lasted 00:02:10 (2244 turns).

Ijustatesigmund the Firebug (MDFE)                  Turns: 2244, Time: 00:02:11

Health: -2/28      AC:  2    Str:  8 (10) XL:     3   Next: 46%
Magic:  4/6        EV: 10    Int: 14 (17) God:
Gold:   16         SH:  0    Dex: 10      Spells: 3/6 levels left

rFire   . . .        e - +0 hand axe
rCold   . . .        (no shield)
rNeg    . . .        a - +0 robe
rPois   .            (no helmet)
rElec   .            (no cloak)
rCorr   .            (no gloves)
SInv    .            (no boots)
Will    .....        (no amulet)
Stlth   ++           (no ring)
HPRegen 0.24/turn    (no ring)
MPRegen 0.10/turn

%: no passive effects
@: no status effects
A: runic magic, artefact enchanting
a: no special abilities


You were on level 2 of the Dungeon.
You visited 1 branch of the dungeon, and saw 2 of its levels.

You collected 16 gold pieces.

Inventory:

Hand Weapons
 e - a +0 hand axe (weapon)
Armour
 a - a +0 robe (worn)
Scrolls
 c - a scroll of vulnerability {unknown}
 d - a scroll of poison {unknown}
 f - a scroll of identify {unknown}
 g - 2 scrolls of fog {unknown}
 h - a scroll of blinking {unknown}
Potions
 b - a potion of magic


   Skills:
 + Level 1.5 Fighting
 + Level 1.5 Axes
 - Level 1.3 Dodging
 - Level 1.4 Stealth
 + Level 2.2 Spellcasting
 - Level 0.8 Conjurations
 + Level 4.2 Fire Magic


You had 3 spell levels left.
You knew the following spells:

 Your Spells              Type           Power      Damage    Failure   Level
a - Foxfire               Conj/Fire      32%        2x1d5     9%          1
b - Scorch                Fire           26%        2d6       6%          2

Your spell library contained the following spells:

 Spells                   Type           Power      Damage    Failure   Level
 Inner Flame              Hex/Fire       7%         N/A       28%         3
 Volatile Blastmotes      Fire/Tloc      14%        2d11      28%         3
 Flame Wave               Conj/Fire      8%         2d5       63%         4


Dungeon Overview and Level Annotations

Branches:
Dungeon (2/15)

Altars:

Shops:
D:1 (

Annotations:
D:2 Terence


Innate Abilities, Weirdness & Mutations

Your spellcasting is much less encumbered by armour.
You can use scrolls of enchantment on lesser artefacts.


Message History

The giant cockroach bites you but does no damage.
You climb upwards.
There is a stone staircase leading down here.
Casting: Scorch (safe; 6% risk of failure)
Confirm with . or Enter, or press ? or * to list all spells.
Flames lash the giant cockroach.
You kill the giant cockroach!
Casting: Scorch (safe; 6% risk of failure)
Confirm with . or Enter, or press ? or * to list all spells.
You can't see any susceptible monsters within range! (Use Z to cast anyway.)
You start resting.
HP restored.
You start resting.
Magic restored.
You start waiting.
Done waiting.
Things that are here:
a +0 club; a goblin skeleton
There is a stone staircase leading down here.
You climb downwards.
Level annotation: Terence The gnoll shouts! x2; You hear a shout!
The gnoll hits you with a +0 whip! The gnoll barely misses you.
Found a potion of magic.
There is a stone staircase leading up here.
Casting: Scorch (safe; 6% risk of failure)
Confirm with . or Enter, or press ? or * to list all spells.
Flames lash the gnoll.
The gnoll is moderately wounded.
The gnoll's fire resistance burns away.
The gnoll hits you with a +0 whip. The gnoll closely misses you.
A goblin comes into view. It is wielding a +0 dagger.
The goblin unwields a +0 dagger.
The goblin wields a +0 sling.
The goblin shoots a sling bullet.
The sling bullet hits you but does no damage.
The gnoll hits you with a +0 whip! The gnoll completely misses you.
The gnoll hits you with a +0 whip!
* * * LOW HITPOINT WARNING * * *
The gnoll hits you with a +0 whip.
You die...

.###....##.# #....
#.#.#. #.#.. #.# ##.##
#.#.#.# #.#.# #.### #.##
#........#.####...# #.##
..............#.# #.##
....##.#####.#.# #.##
#.. # #.#.# #.##
#####.g##g#####.#.###.##
......g@...).g........##
................#......@
.......#####.###########
....!.. #. #. ....... #
.... ....... .....
....... ...#.# ##..#..
...##. ## #


You could see 3 gnolls and a goblin.

Vanquished Creatures
  2 adders
  A ribbon worm (D:2)
  An orc (D:2)
  4 bats
  An endoplasm (D:1)
  3 giant cockroaches (D:1)
  3 goblins (D:1)
  2 hobgoblins
  3 ball pythons (D:1)
  3 kobolds
23 creatures vanquished.

Vanquished Creatures (others)
  70 foxfires
70 creatures vanquished.

Grand Total: 93 creatures vanquished

Notes
Turn   | Place    | Note
-------+----------+-------------------------------------------
     0 | D:1      | Ijustatesigmund the Mountain Dwarf Fire Elementalist began
                  | the quest for the Orb.
     0 | D:1      | Reached XP level 1. HP: 14/14 MP: 3/3
    59 | D:1      | Found Sulyofecs's Antique Weapon Boutique.
   699 | D:1      | Reached XP level 2. HP: 22/22 MP: 0/5
   843 | D:1      | Reached skill level 1 in Fighting
  1115 | D:1      | Reached skill level 1 in Axes
  1115 | D:1      | Reached skill level 4 in Fire Magic
  1310 | D:1      | HP: 1/23 [poisoned by an adder]
  1731 | D:2      | Reached XP level 3. HP: 28/28 MP: 3/6
  1734 | D:2      | Learned a level 2 spell: Scorch
  2066 | D:2      | Noticed Terence
  2244 | D:2      | Slain by a gnoll

Illustrated notes

Levels and vault maps discovered:
D:1:      ncdulo_smallfort, layout_loops_cross, serial_shops,
          nicolae_shop_dealshenge
D:2:      layout_loops_ring, hellmonk_ecumenical_altar_crossroads, uniq_terence

Skill      XL: |  1  2 |
---------------+-------+-----
Spellcasting   | 2 |  2.2
Fighting       | 1 |  1.5
Axes           | 1 |  1.5
Fire Magic     | 4 |  4.2
Dodging        | |  1.3
Stealth        | |  1.4
Conjurations   | |  0.8

Action                     || total
---------------------------++-------
  Melee: Hand axe          ||    11
   Cast: Foxfire           ||    44
         Scorch            ||     5
    Use: Potion            ||     1
 Armour: Robe              ||    35
  Dodge: Dodged            ||    36

Table legend: (Time is in decaauts)
 A = Elapsed time spent in this place.
 B = Non-inter-level travel time spent in this place.
 C = Inter-level travel time spent in this place.
 D = Time resting spent in this place.
 E = Time spent auto-exploring this place.
 F = Levels seen in this place.
 G = Mean time per level.
                   A        B        C        D        E       F      G
               +--------+--------+--------+--------+--------+-----+--------+
         Total |   2247 |   2168 |     79 |    927 |   1016 |   2 | 1123.5 |
       Dungeon |   2247 |   2168 |     79 |    927 |   1016 |   2 | 1123.5 |
               +--------+--------+--------+--------+--------+-----+--------+

Top non-repeatable levels by time:
     D:1: 1870 daAuts
     D:2: 377 daAuts
